 Dungeon Crawl Stone Soup version 0.28-a0-390-gb254ac4902 (webtiles) character file.

Game seed: 10860048747214806691

185 robertstho the Magician (level 5, 0/38 HPs)
             Began as a Djinni Fire Elementalist on Sept 3, 2021.
             Slain by an orc priest (3 damage)
             ... on level 3 of the Dungeon.
             The game lasted 00:04:39 (3646 turns).

robertstho the Magician (Djinni Fire Elementalist)  Turns: 3646, Time: 00:04:40

Health: 0/38       AC:  2    Str:  7    XL:     5   Next: 96%
Gold:   167        EV: 12    Int: 17    God:
                   SH:  0    Dex: 14

rFire   + + .      SeeInvis .   j - +0 long sword
rCold   x . .      Faith    .   (no shield)
rNeg    . . .      Spirit   .   a - +0 robe
rPois   ∞          Reflect  .   (no helmet)
rElec   .          Harm     .   (no cloak)
rCorr   .          Rampage  .   (no gloves)
Will    .....                   (boots unavailable)
Stlth   ++........              (no amulet)
HPRegen 0.12/turn               (no ring)
MPRegen 0.00/turn               (no ring)

@: about to teleport, flying
A: sickness immunity, fire resistance 2, cold vulnerability 1, float, innate
caster, hp casting, extra vitality 1
a: no special abilities


You were on level 3 of the Dungeon.
You visited 1 branch of the dungeon, and saw 3 of its levels.

You collected 167 gold pieces.

Inventory:

Hand Weapons
 c - a +0 dagger
 j - a +0 long sword (weapon)
Armour
 a - a +0 robe (worn)
Wands
 h - a wand of polymorph (16)
Scrolls
 b - a scroll of fog {unknown}
 e - a scroll of amnesia
 g - 2 scrolls of magic mapping {unknown}
 i - a scroll of blinking {unknown}
Potions
 d - a potion of might


   Skills:
 * Level 1.8 Fighting
 + Level 2.3 Dodging
 + Level 1.9 Stealth
 * Level 4.3 Spellcasting


You couldn't memorise any spells.
You knew the following spells:

 Your Spells              Type           Power      Damage    Failure   Level
a - Foxfire               Conj/Fire      72%        2x1d7     2%          1
b - Scorch                Fire           36%        2d6       4%          2
c - Conjure Flame         Conj/Fire      18%        6-21      8%          3
d - Inner Flame           Hex/Fire       18%        N/A       8%          3
e - Flame Wave            Conj/Fire      18%        3d5       26%         4
f - Sting                 Tmut/Pois      72%        1d6       2%          1
g - Static Discharge      Conj/Air       18%        N/A       4%          2
Your spell library was empty.

Dungeon Overview and Level Annotations

Branches:
Dungeon (3/15)

Altars:
Makhleb


Innate Abilities, Weirdness & Mutations

You are immune to sickness and miasma.
You are immune to poison.
Your flesh is very heat resistant. (rF++)
You are vulnerable to cold. (rC-)
You float through the air rather than walking.
You learn spells naturally, not from books.
Your magical power is your life essence.
You have superior vitality. (+4 HP)


Message History

You conjure some foxfire!
The orc priest hits you but does no damage.
The orc priest closely misses your foxfire.
The orc priest barely misses your foxfire.
The foxfire hits the orc priest.
The orc priest is moderately wounded.
The foxfire hits the orc priest.
The orc priest is moderately wounded.
The orc priest hits you with a +0 hand axe.
Casting: Foxfire (safe; 2% risk of failure)
Press: ? - help, Q - select action, (/) - cycle Dir - look around, f - activate You conjure some foxfire!
The orc priest completely misses you.
The orc priest hits your foxfire with a +0 hand axe. x2
The foxfire hits the orc priest.
The orc priest is moderately wounded.
The foxfire hits the orc priest but does no damage.
The orc priest is moderately wounded.
The orc priest invokes the aid of Beogh against you.
Pain shoots through your body!
* * * LOW HITPOINT WARNING * * *
Casting: Foxfire (safe; 2% risk of failure)
Confirm with . or Enter, or press ? or * to list all spells.
Flames lash the orc priest.
The orc priest is heavily wounded.
The orc priest's fire resistance burns away.
* * * LOW HITPOINT WARNING * * *
You hear a shout!
The orc priest hits you with a +0 hand axe.
* * * LOW HITPOINT WARNING * * *
Okay, then.
As you read the scroll of teleportation, it crumbles to dust.
You feel strangely unstable.
The orc priest casts a cantrip, but nothing happens.
Okay, then.
As you read the scroll labelled SANOAC XUOBB, it crumbles to dust.
It is a scroll of amnesia.
You feel forgetful for a moment.
The orc priest hits you with a +0 hand axe.
You die...

#..†## #.......>..# #..+..##
#.....#<....
#..#+#..########...........
#..##.##..........###......#
#..#
.⌠.##..######.########## #.#
....##.)................ ..#
+...##.#####....####### ..
#...#....<#....## #
#.⌠'@o####.....######
##.#†........#...†ooo
###.#########.###### #.. #.#
#. #.# #.# #. ..# ... #. ###
<.. #. #... #. #.... #.


You could see an orc priest (inflammable).

Vanquished Creatures
  Natasha (thrice) (D:2)
  4 adders
  2 worms (D:2)
  2 dart slugs
  3 orcs
  7 ball pythons
  7 endoplasms
  5 giant cockroaches
  6 hobgoblins
  2 quokkas
  4 bats
  4 goblins
  6 kobolds
  4 rats
59 creatures vanquished.

Vanquished Creatures (others)
  276 foxfires
276 creatures vanquished.

Grand Total: 335 creatures vanquished

Notes
Turn   | Place    | Note
-------+----------+-------------------------------------------
     0 | D:1      | robertstho the Djinni Fire Elementalist began the quest for
                  | the Orb.
     0 | D:1      | Reached XP level 1. HP: 15/15 MP: 0/0
   251 | D:1      | Reached XP level 2. HP: 10/22 MP: 0/0
   689 | D:1      | Reached skill level 1 in Fighting
   874 | D:1      | Reached XP level 3. HP: 18/27 MP: 0/0
   874 | D:1      | Learned a level 1 spell: Sting
   977 | D:1      | You are sucked into a shaft and drop 1 floor!
   988 | D:2      | Reached skill level 3 in Spellcasting
  1448 | D:2      | Reached XP level 4. HP: 29/32 MP: 0/0
  1570 | D:2      | Noticed Natasha
  1574 | D:2      | Killed Natasha
  1575 | D:2      | Noticed Natasha
  1577 | D:2      | Killed Natasha
  1578 | D:2      | Reached XP level 5. HP: 30/37 MP: 0/0
  1578 | D:2      | Learned a level 2 spell: Static Discharge
  1683 | D:2      | Found a burning altar of Makhleb.
  1887 | D:2      | Noticed Natasha
  1892 | D:2      | Killed Natasha
  1893 | D:2      | Reached skill level 4 in Spellcasting
  2468 | D:1      | Found a faded altar of an unknown god.
  3646 | D:3      | Slain by an orc priest

Illustrated notes

Levels and vault maps discovered:
D:1:      tarquinn_simple_flora_water_b, layout_rooms,
          dilly_ecumenical_altar_fadedgnrine, minivault_19,
          roderic_nine_men_s_morris, lemuel_old_faithful
D:2:      layout_basic, basic_altar, uniq_natasha
D:3:      layout_basic, gup_sewer_entry_bowl, grunt_decor_arrowhead,
          serial_park_tiny_pond, kennysheep_generic_room_2

Skill      XL: |  1  2  3  4  5 |
---------------+----------------+-----
Fighting       | 1 |  1.8
Spellcasting   | 3 4 |  4.3
Dodging        | |  2.3
Stealth        | |  1.9

Action                   |  1- 3 |  4- 6 || total
-------------------------+-------+-------++-------
 Cast: Foxfire           |    69 |   103 ||   172
       Scorch            |       |     6 ||     6
  Use: Scroll            |       |     5 ||     5
Armor: Robe              |       |     7 ||     7
Dodge: Dodged            |     4 |     3 ||     7

Table legend: (Time is in decaauts)
 A = Elapsed time spent in this place.
 B = Non-inter-level travel time spent in this place.
 C = Inter-level travel time spent in this place.
 D = Time resting spent in this place.
 E = Time spent auto-exploring this place.
 F = Levels seen in this place.
 G = Mean time per level.
                   A        B        C        D        E       F      G
               +--------+--------+--------+--------+--------+-----+--------+
         Total |   3642 |   3569 |     73 |    299 |   2856 |   3 | 1214.0 |
       Dungeon |   3642 |   3569 |     73 |    299 |   2856 |   3 | 1214.0 |
               +--------+--------+--------+--------+--------+-----+--------+

Top non-repeatable levels by time:
     D:2: 1697 daAuts
     D:1: 1583 daAuts
     D:3: 362 daAuts
